 Dungeon Crawl Stone Soup version 0.28.0-45-g0d030f2227 (webtiles) character file.

Game seed: 3259594665370250300

3030 MisterFreud the Slicer (level 9, -2/67 (74) HPs)
             Began as a Gnoll Cinder Acolyte on Mar 29, 2022.
             Was a High Priest of Ignis.
             Slain by a wight
             ... wielding a +0 halberd
              (11 damage)
             ... on level 8 of the Dungeon.
             The game lasted 00:09:24 (8590 turns).

MisterFreud the Slicer (Gnoll Cinder Acolyte)       Turns: 8590, Time: 00:09:24

HP:   -2/67 (74)    AC:  9    Str: 15    XL:     9   Next: 86%
MP:   13/26         EV: 13    Int: 17    God:    Ignis [*****.]
Gold: 381           SH:  0    Dex: 13    Spells: 17/19 levels left

rFire   + . .      SeeInvis .   o - +2 dagger (flame)
rCold   + . .      Faith    .   (no shield)
rNeg    . . .      Spirit   .   t - +2 robe {rC+}
rPois   .          Reflect  .   m - +1 helmet
rElec   .          Harm     .   p - +0 cloak
rCorr   .          Rampage  .   u - +0 pair of gloves
Will    .....                   (no boots)
Stlth   +++.......              (no amulet)
HPRegen 0.21/turn               j - ring of magical power
MPRegen 0.20/turn               k - +6 ring of dexterity

@: drained
A: fangs 1, strong nose, distributed training
a: Renounce Religion, Fiery Armour, Foxfire Swarm, Rising Flame


You were on level 8 of the Dungeon.
You worshipped Ignis.
Ignis was extremely pleased with you.
You visited 1 branch of the dungeon, and saw 8 of its levels.

You collected 381 gold pieces.

Inventory:

Hand Weapons
 a - a -1 short sword of flaming
 o - a +2 dagger of flaming (weapon)
 F - a +3 morningstar of freezing
Missiles
 c - 4 boomerangs (quivered)
 y - 10 poisoned darts
 H - a curare-tipped dart
Armour
 b - a +0 robe
 m - a +1 helmet (worn)
 p - a +0 cloak (worn)
 t - a +2 robe of cold resistance (worn)
 u - a +0 pair of gloves (worn)
 K - +0 steam dragon scales
Jewellery
 j - a ring of magical power (left hand)
 k - a +6 ring of dexterity (right hand)
 l - a ring of positive energy
 C - an amulet of reflection
Wands
 d - a wand of polymorph (4)
 J - a wand of iceblast (6)
Scrolls
 e - 2 scrolls of noise
 f - 3 scrolls of immolation
 n - 3 scrolls of teleportation
 z - 2 scrolls of enchant weapon {unknown}
 B - a scroll of fear
 D - 2 scrolls of identify
 G - a scroll of fog
 I - a scroll of silence {unknown}
 L - a scroll of acquirement {unknown}
Potions
 g - 2 potions of invisibility
 h - 5 potions of curing
 i - a potion of attraction
 q - 3 potions of mutation
 r - 2 potions of haste
 s - a potion of lignification
 v - a potion of degeneration {unknown}
 w - a potion of flight {unknown}
 x - a potion of resistance {unknown}
 A - a potion of might {unknown}
 E - a potion of cancellation {unknown}


   Skills:
 + Level 8.1 Fighting
 + Level 8.1 Short Blades
 + Level 4.6 Long Blades
 + Level 4.6 Axes
 + Level 4.6 Maces & Flails
 + Level 4.6 Polearms
 + Level 4.6 Staves
 + Level 4.6 Slings
 + Level 4.6 Bows
 + Level 4.6 Crossbows
 + Level 4.6 Throwing
 + Level 4.6 Armour
 + Level 4.6 Dodging
 + Level 4.6 Stealth
 + Level 4.6 Shields
 + Level 4.6 Unarmed Combat
 + Level 5.5 Spellcasting
 + Level 3.8 Conjurations
 + Level 3.8 Hexes
 + Level 3.8 Summonings
 + Level 3.8 Necromancy
 + Level 3.8 Translocations
 + Level 3.8 Transmutations
 + Level 6.7 Fire Magic
 + Level 3.8 Ice Magic
 + Level 3.8 Air Magic
 + Level 3.8 Earth Magic
 + Level 3.8 Poison Magic
 + Level 5.1 Invocations
 + Level 4.6 Evocations


You had 17 spell levels left.
You knew the following spells:

 Your Spells              Type           Power      Damage    Failure   Level
a - Scorch                Fire           54%        2d8       1%          2

Your spell library contained the following spells:

 Spells                   Type           Power      Damage    Failure   Level
 Corpse Rot               Necr/Air       34%        N/A       4%          2
 Frozen Ramparts          Ice            34%        1d5       9%          3
 Flame Wave               Conj/Fire      22%        2d7       16%         4
 Dispel Undead            Necr           17%        3d10      28%         4
 Ice Form                 Ice/Tmut       17%        N/A       28%         4
 Summon Ice Beast         Ice/Summ       17%        N/A       28%         4
 Summon Mana Viper        Hex/Summ       17%        N/A       61%         5
 Death Channel            Necr           8%         N/A       99%         6
 Summon Cactus Giant      Summ           8%         N/A       99%         6
 Monstrous Menagerie      Summ           8%         N/A       100%        7


Dungeon Overview and Level Annotations

Branches:
Dungeon (8/15)             Temple (0/1) D:4
   Lair: D:8-11

Altars:
Ashenzari
Dithmenos
Fedhas
Hepliaklqana
Okawaru
Sif Muna
Trog
Vehumet
Xom
Zin


Innate Abilities, Weirdness & Mutations

You have very sharp teeth.
Your uncanny sense of smell can sniff out nearby items.
Your experience applies equally to all skills.


Message History

The wight hits you from afar with a +0 halberd!
You feel drained. The wight hits you but does no damage. The wight misses you.
The wight is no longer more vulnerable to fire.
There is an open door, spattered with blood here.
Casting: Scorch (safe; 1% risk of failure)
Confirm with . or Enter, or press ? or * to list all spells.
Flames lash the wight.
The wight is severely damaged.
The wight's fire resistance burns away.
The wight hits you from afar with a +0 trident!
The wight closely misses you.
Casting: Scorch (safe; 1% risk of failure)
Confirm with . or Enter, or press ? or * to list all spells.
Flames lash the wight.
The wight is lightly damaged.
The wight's fire resistance burns away.
The wight hits you from afar with a +0 trident.
You feel drained.
The wight hits you from afar with a +0 halberd!
* * * LOW HITPOINT WARNING * * *
You feel drained.
* * * LOW HITPOINT WARNING * * *
Casting: Scorch (safe; 1% risk of failure)
Confirm with . or Enter, or press ? or * to list all spells.
Flames lash the wight.
The wight is burned terribly!
The wight is almost destroyed.
The wight closely misses you.
The wight hits you from afar with a +0 halberd.
* * * LOW HITPOINT WARNING * * *
You feel drained.
* * * LOW HITPOINT WARNING * * *
Casting: Scorch (safe; 1% risk of failure)
Confirm with . or Enter, or press ? or * to list all spells.
Flames lash the wight.
The wight is burned terribly!
The wight is almost destroyed.
The wight hits you from afar with a +0 trident.
* * * LOW HITPOINT WARNING * * *
The wight hits you from afar with a +0 halberd!
You die...

##..##..##....# #...#
....+#'###..#####..#
....##...##)#..##..)
#..##.....##....'..#
##'##.......#....#..#
##..##[..8..)##..##..#
#?.z)#(......##+###..#
#$.z.##.....## #..#
##..#@##...## #.># ∆
####..###'#+ ####
#....##..##
#..[.'....#
##..##....# ######..##
####


You could see 2 wights.

Vanquished Creatures
  A troll (D:8)
  Sigmund (D:6)
  A steam dragon (D:8)
  Menkaure (D:4)
  Edmund (D:6)
  An acid dragon (D:8)
  3 water moccasins
  2 orc warriors
  A sky beast (D:5)
  2 ogres (D:5)
  A centaur (D:8)
  A kobold brigand (D:7)
  2 bullfrogs (D:8)
  A wyvern zombie (D:4)
  2 scorpions
  A water moccasin zombie (D:4)
  A water moccasin skeleton (D:6)
  5 wights
  2 howler monkeys (D:8)
  2 centaur zombies
  2 hounds
  2 jellies
  A centaur skeleton (D:5)
  A gnoll shaman (D:5)
  An orc priest (D:7)
  2 orc wizards
  Ijyb (D:5)
  An iguana (D:5)
  A killer bee zombie (D:5)
  4 gnolls (D:5)
  A howler monkey skeleton (D:6)
  8 adders
  A white imp (D:8)
  An ufetubus (D:3)
  5 worms
  2 dart slugs
  7 orcs
  7 endoplasms
  A giant cockroach (D:1)
  11 goblins
  3 hobgoblins (D:3)
  2 jackals (D:3)
  9 kobolds
  4 quokkas
  7 ball pythons
  2 bats
  4 frilled lizards
  11 rats
134 creatures vanquished.

Vanquished Creatures (others)
  A rat (D:2)
1 creature vanquished.

Grand Total: 135 creatures vanquished

Notes
Turn   | Place    | Note
-------+----------+-------------------------------------------
     0 | D:1      | MisterFreud the Gnoll Cinder Acolyte began the quest for
                  | the Orb.
     0 | D:1      | Reached XP level 1. HP: 23/23 MP: 4/4
   211 | D:1      | Reached XP level 2. HP: 17/29 MP: 5/5
   214 | D:1      | Learned a level 2 spell: Scorch
   741 | D:1      | Found a faded altar of an unknown god.
  1407 | D:2      | Reached XP level 3. HP: 35/35 MP: 6/7
  1557 | D:2      | Reached skill level 1 in Invocations
  1686 | D:2      | Reached skill level 1 in Long Blades
  1686 | D:2      | Reached skill level 1 in Axes
  1686 | D:2      | Reached skill level 1 in Maces & Flails
  1686 | D:2      | Reached skill level 1 in Polearms
  1686 | D:2      | Reached skill level 1 in Staves
  1686 | D:2      | Reached skill level 1 in Slings
  1686 | D:2      | Reached skill level 1 in Bows
  1686 | D:2      | Reached skill level 1 in Crossbows
  1686 | D:2      | Reached skill level 1 in Throwing
  1686 | D:2      | Reached skill level 1 in Armour
  1686 | D:2      | Reached skill level 1 in Dodging
  1686 | D:2      | Reached skill level 1 in Stealth
  1686 | D:2      | Reached skill level 1 in Shields
  1686 | D:2      | Reached skill level 1 in Unarmed Combat
  1686 | D:2      | Reached skill level 1 in Evocations
  1943 | D:2      | Reached XP level 4. HP: 41/41 MP: 8/8
  2509 | D:3      | Found a broken altar of Ashenzari.
  2568 | D:3      | Reached skill level 1 in Conjurations
  2568 | D:3      | Reached skill level 1 in Hexes
  2568 | D:3      | Reached skill level 1 in Summonings
  2568 | D:3      | Reached skill level 1 in Necromancy
  2568 | D:3      | Reached skill level 1 in Translocations
  2568 | D:3      | Reached skill level 1 in Transmutations
  2568 | D:3      | Reached skill level 1 in Ice Magic
  2568 | D:3      | Reached skill level 1 in Air Magic
  2568 | D:3      | Reached skill level 1 in Earth Magic
  2568 | D:3      | Reached skill level 1 in Poison Magic
  2906 | D:3      | Reached XP level 5. HP: 46/47 MP: 9/9
  3237 | D:4      | Found a radiant altar of Vehumet.
  3258 | D:4      | Found a hazy altar of Hepliaklqana.
  3329 | D:4      | Noticed Menkaure
  3334 | D:4      | Killed Menkaure
  3335 | D:4      | Reached XP level 6. HP: 48/53 MP: 11/11
  3464 | D:4      | Found a staircase to the Ecumenical Temple.
  3606 | D:4      | Found a glowing silver altar of Zin.
  4138 | D:5      | Entered Level 5 of the Dungeon
  4145 | D:5      | Reached XP level 7. HP: 54/59 MP: 12/12
  4146 | D:5      | Noticed Ijyb
  4179 | D:5      | Killed Ijyb
  4389 | D:5      | Found a shimmering blue altar of Sif Muna.
  4848 | D:5      | Found a shimmering altar of Xom.
  4852 | D:5      | Reached XP level 8. HP: 67/67 MP: 14/14
  5075 | D:5      | Found a shadowy altar of Dithmenos.
  5262 | D:5      | Found a bloodstained altar of Trog.
  5265 | D:5      | Identified the +0 animal skin of the Monkey {rC+ rN++}
  5300 | D:5      | Found an iron altar of Okawaru.
  5894 | D:6      | Noticed Sigmund
  5897 | D:6      | Killed Sigmund
  6024 | D:6      | Found a blossoming altar of Fedhas.
  6101 | D:6      | Noticed Edmund
  6109 | D:6      | Killed Edmund
  7245 | D:7      | Reached XP level 9. HP: 72/72 MP: 16/16
  7621 | D:7      | Reached skill level 5 in Spellcasting
  8382 | D:8      | Reached skill level 5 in Invocations
  8505 | D:8      | Noticed a troll
  8513 | D:8      | Killed a troll
  8590 | D:8      | Slain by a wight

Illustrated notes

Levels and vault maps discovered:
D:1:      minmay_arrival_arboretum_small, layout_basic,
          hellmonk_ecumenical_altar_blasted, minmay_ruptured
D:2:      layout_loops_cross, lemuel_old_faithful
D:3:      layout_rooms, old_standard_altar, corexii_item_surrounded_by_moat,
          grunt_ministairs_9
D:4:      layout_basic, mainiacjoe_overflow_concentric_impassable,
          mainiacjoe_overflow_brackets, zin_treasury, minmay_temple_entry_tees,
          uniq_menkaure
D:5:      layout_loops_ring, kennysheep_okawaru_gauntlet, bloody_trog,
          nicolae_sif_muna_little_library,
          nicolae_dithmenos_through_a_glass_darkly, lemuel_tele_altar,
          minmay_misc_feat_four_crosses, uniq_ijyb
D:6:      layout_gridville, kennysheep_mini, sigmund_edmund_badplayer
D:7:      layout_basic
D:8:      minmay_bubble_buster, layout_basic, hex_large,
          minmay_fractal_squares_5

Skill      XL: |  1  2  3  4  5  6  7  8  9 |
---------------+----------------------------+-----
Invocations    | 1 2 3 4 5 |  5.1
Long Blades    | 1 2 3 4 |  4.6
Axes           | 1 2 3 4 |  4.6
Maces & Flails | 1 2 3 4 |  4.6
Polearms       | 1 2 3 4 |  4.6
Staves         | 1 2 3 4 |  4.6
Slings         | 1 2 3 4 |  4.6
Bows           | 1 2 3 4 |  4.6
Crossbows      | 1 2 3 4 |  4.6
Throwing       | 1 2 3 4 |  4.6
Armour         | 1 2 3 4 |  4.6
Dodging        | 1 2 3 4 |  4.6
Stealth        | 1 2 3 4 |  4.6
Shields        | 1 2 3 4 |  4.6
Unarmed Combat | 1 2 3 4 |  4.6
Evocations     | 1 2 3 4 |  4.6
Spellcasting   | 3 4 5 |  5.5
Conjurations   | 1 2 3 |  3.8
Hexes          | 1 2 3 |  3.8
Summonings     | 1 2 3 |  3.8
Necromancy     | 1 2 3 |  3.8
Translocations | 1 2 3 |  3.8
Transmutations | 1 2 3 |  3.8
Ice Magic      | 1 2 3 |  3.8
Air Magic      | 1 2 3 |  3.8
Earth Magic    | 1 2 3 |  3.8
Poison Magic   | 1 2 3 |  3.8
Fighting       | 7 8 |  8.1
Short Blades   | 7 8 |  8.1
Fire Magic     | 6 |  6.7

Action                   |  1- 3 |  4- 6 |  7- 9 || total
-------------------------+-------+-------+-------++-------
Melee: Short sword       |    42 |       |       ||    42
       Bite              |     7 |       |     8 ||    15
       Punch             |     1 |       |     2 ||     3
       Dagger            |     1 |     5 |    67 ||    73
 Cast: Scorch            |    30 |    71 |   155 ||   256
  Use: Scroll            |       |    10 |     3 ||    13
 Stab: Sleeping          |     1 |       |     1 ||     2
Armor: Robe              |     7 |     3 |    45 ||    55
       Skin              |       |       |     1 ||     1
Dodge: Dodged            |    25 |    18 |   100 ||   143
